| TOP OF THE 1ST |
|
Louisville Bats batting - Pitching for Las Vegas 51s : RHP David Anzaldua
|
|
Pitching: RHP David Anzaldua
|
|
|
Batting: RHB Solange Le Coq
|
0-0: Swinging Strike 0-1: Swinging Strike 0-2: Strikes out swinging
|
|
Batting: SHB Paul Sandoval
|
0-0: Called Strike 0-1: Foul Ball, location: 2F 0-2: Strikes out swinging
|
|
Batting: RHB Chase Briney
|
0-0: Ball 1-0: Ball 2-0: Ground out 5-3 (Groundball, 56, EV 85.0 MPH)
|
| Top of the 1st over - 0 runs, 0 hits, 0 errors, 0 left on base; Louisville 0 - Las Vegas 0 |
| BOTTOM OF THE 1ST |
|
Las Vegas 51s batting - Pitching for Louisville Bats : RHP Ragnar Alqvist
|
|
Pitching: RHP Ragnar Alqvist
|
|
|
Batting: RHB Mike Phillips
|
0-0: Swinging Strike 0-1: Foul Ball, location: 2F 0-2: Strikes out swinging
|
|
Batting: SHB Jason Evans
|
0-0: Ball 1-0: Ball 2-0: Foul Ball, location: 2F 2-1: SINGLE (Groundball, 34D, EV 102.5 MPH)
|
|
Batting: RHB Josh Jones
|
0-0: Fielders Choice at 2nd, 4-6 (Groundball, 4, EV 79.4 MPH)
|
|
Batting: RHB Masaya Nakamura
|
0-0: Called Strike 0-1: Ball 1-1: Ground out 4-3 (Groundball, 13, EV 88.8 MPH)
|
| Bottom of the 1st over - 0 runs, 1 hit, 0 errors, 1 left on base; Louisville 0 - Las Vegas 0 |
| TOP OF THE 2ND |
|
Louisville Bats batting - Pitching for Las Vegas 51s : RHP David Anzaldua
|
|
Batting: SHB Freddie Farrar
|
0-0: Foul Ball, location: 2F 0-1: Ball 1-1: Ball 2-1: Swinging Strike 2-2: SINGLE (Groundball, 6MD, EV 100.0 MPH)
|
|
Batting: LHB Satoru Handa
|
0-0: Fly out, F8 (Line Drive, 89D, EV 95.6 MPH)
|
|
Batting: RHB Chris Zamora
|
0-0: Foul Ball, location: 2F 0-1: Ball 1-1: SINGLE (Groundball, 56D, EV 104.4 MPH) Freddie Farrar to second
|
|
Batting: LHB Manny Ruvalcaba
|
0-0: Ball 1-0: Called Strike 1-1: Called Strike 1-2: Ball 2-2: Strikes out swinging
|
|
Batting: RHB Steve Anderson
|
0-0: Foul Ball, location: 2F 0-1: Fielders Choice at 2nd, 5-4 (Groundball, 56, EV 100.0 MPH)
|
| Top of the 2nd over - 0 runs, 2 hits, 0 errors, 2 left on base; Louisville 0 - Las Vegas 0 |
| BOTTOM OF THE 2ND |
|
Las Vegas 51s batting - Pitching for Louisville Bats : RHP Ragnar Alqvist
|
|
Batting: RHB Larry Shoop
|
0-0: Ball 1-0: Swinging Strike 1-1: Ball 2-1: Swinging Strike 2-2: Strikes out swinging, 2-3 out at first.
|
|
Batting: RHB Bobby Mabrey
|
0-0: Ball 1-0: Ball 2-0: SINGLE (Line Drive, 4D, EV 97.5 MPH)
|
|
Batting: RHB David Stayton
|
0-0: Foul Ball, location: 2F 0-1: Swinging Strike 0-2: Ball 1-2: Strikes out swinging
|
|
Batting: RHB Gang-sheng Chew
|
0-0: SINGLE (Flyball, 8LS, EV 98.1 MPH) Bobby Mabrey to second
|
|
Batting: LHB Elmo Dreier
|
0-0: Ball 1-0: Swinging Strike 1-1: Swinging Strike 1-2: Ball 2-2: Foul Ball, location: 2F 2-2: Hit by Pitch Bobby Mabrey to third Gang-sheng Chew to second
|
|
Batting: RHB Mike Phillips
|
0-0: Swinging Strike 0-1: Called Strike 0-2: Strikes out swinging
|
| Bottom of the 2nd over - 0 runs, 2 hits, 0 errors, 3 left on base; Louisville 0 - Las Vegas 0 |
| TOP OF THE 3RD |
|
Louisville Bats batting - Pitching for Las Vegas 51s : RHP David Anzaldua
|
|
Batting: RHB Colin Lord
|
0-0: Ball 1-0: Foul Ball, location: 2F 1-1: Foul Ball, location: 2F 1-2: Strikes out swinging
|
|
Batting: RHB Solange Le Coq
|
0-0: Called Strike 0-1: Called Strike 0-2: Ball 1-2: Strikes out swinging
|
|
Batting: SHB Paul Sandoval
|
0-0: Ball 1-0: DOUBLE (Line Drive, 9LS, EV 106.9 MPH)
|
|
Batting: RHB Chase Briney
|
0-0: Ball 1-0: Called Strike 1-1: Fly out, F9 (Flyball, 89S, EV 85.0 MPH)
|
| Top of the 3rd over - 0 runs, 1 hit, 0 errors, 1 left on base; Louisville 0 - Las Vegas 0 |
| BOTTOM OF THE 3RD |
|
Las Vegas 51s batting - Pitching for Louisville Bats : RHP Ragnar Alqvist
|
|
Batting: SHB Jason Evans
|
0-0: Ball 1-0: Ball 2-0: Ball 3-0: Called Strike 3-1: Fly out, F9 (Flyball, 9, EV 95.6 MPH)
|
|
Batting: RHB Josh Jones
|
0-0: Ball 1-0: DOUBLE (Flyball, 89D, EV 90.6 MPH)
|
|
Batting: RHB Masaya Nakamura
|
0-0: Called Strike 0-1: SINGLE (Line Drive, 4MD, EV 109.4 MPH) Josh Jones to third
|
|
Batting: RHB Larry Shoop
|
0-0: Ball 1-0: Fly out, F8 (Flyball, 8RXD, EV 94.4 MPH) Runner from 3rd tags up, SCORES, no throw by CF
|
|
Batting: RHB Bobby Mabrey
|
0-0: Ball 1-0: Foul Ball, location: 2F 1-1: Swinging Strike 1-2: Fielders Choice at 2nd, 6-4 (Groundball, 56, EV 88.8 MPH)
|
| Bottom of the 3rd over - 1 run, 2 hits, 0 errors, 1 left on base; Louisville 0 - Las Vegas 1 |
| TOP OF THE 4TH |
|
Louisville Bats batting - Pitching for Las Vegas 51s : RHP David Anzaldua
|
|
Batting: SHB Freddie Farrar
|
0-0: Ball 1-0: Ball 2-0: SINGLE (Groundball, 4MS, EV 64.4 MPH) (infield hit)
|
|
Batting: LHB Satoru Handa
|
0-0: Swinging Strike 0-1: Called Strike 0-2: Ball 1-2: DOUBLE (Flyball, 8RXD, EV 96.2 MPH) Freddie Farrar to third
|
|
Batting: RHB Chris Zamora
|
0-0: Foul Ball, location: 2F 0-1: DOUBLE (Line Drive, 8LXD, EV 108.1 MPH) Freddie Farrar scores Satoru Handa scores
|
|
Batting: LHB Manny Ruvalcaba
|
0-0: Ball 1-0: Called Strike 1-1: Ball 2-1: Ball 3-1: Called Strike 3-2: Foul Ball, location: 2F 3-2: Strikes out swinging
|
|
Batting: RHB Steve Anderson
|
0-0: Swinging Strike 0-1: Ball 1-1: Swinging Strike 1-2: DOUBLE (Line Drive, 89XD, EV 109.4 MPH) Chris Zamora scores
|
|
Batting: RHB Colin Lord
|
0-0: Ball 1-0: Foul Ball, location: 2F 1-1: Ball 2-1: Ground out 6-3 (Groundball, 6, EV 107.5 MPH)
|
|
Batting: RHB Solange Le Coq
|
0-0: Fly out, F7 (Flyball, 7LM, EV 95.0 MPH)
|
| Top of the 4th over - 3 runs, 4 hits, 0 errors, 1 left on base; Louisville 3 - Las Vegas 1 |
| BOTTOM OF THE 4TH |
|
Las Vegas 51s batting - Pitching for Louisville Bats : RHP Ragnar Alqvist
|
|
Batting: RHB David Stayton
|
0-0: Ground out 4-3 (Groundball, 4M, EV 99.4 MPH)
|
|
Batting: RHB Gang-sheng Chew
|
0-0: Fly out, F9 (Flyball, 9LSF, EV 91.9 MPH)
|
|
Batting: LHB Elmo Dreier
|
0-0: Called Strike 0-1: Swinging Strike 0-2: Foul Ball, location: 2F 0-2: DOUBLE (Line Drive, 8LD, EV 102.5 MPH)
|
|
Batting: RHB Mike Phillips
|
0-0: Foul Ball, location: 2F 0-1: Ball Wild Pitch! Elmo Dreier to third 1-1: Ball 2-1: Ground out 4-3 (Groundball, 4, EV 102.5 MPH)
|
| Bottom of the 4th over - 0 runs, 1 hit, 0 errors, 1 left on base; Louisville 3 - Las Vegas 1 |
| TOP OF THE 5TH |
|
Louisville Bats batting - Pitching for Las Vegas 51s : RHP David Anzaldua
|
|
Batting: SHB Paul Sandoval
|
0-0: Called Strike 0-1: Called Strike 0-2: Foul Ball, location: 2F 0-2: Ball 1-2: Strikes out looking
|
|
Batting: RHB Chase Briney
|
0-0: SINGLE (Flyball, 3D, EV 90.6 MPH)
|
|
Batting: SHB Freddie Farrar
|
0-0: DOUBLE (Line Drive, 3D, EV 99.4 MPH) Chase Briney to third Runner from 3rd tries for Home, throw by RF and OUT! 9-4-2 Freddie Farrar to third
|
|
Batting: LHB Satoru Handa
|
0-0: Ball 1-0: Ground out 4-3 (Groundball, 34, EV 91.9 MPH)
|
| Top of the 5th over - 0 runs, 2 hits, 0 errors, 1 left on base; Louisville 3 - Las Vegas 1 |
| BOTTOM OF THE 5TH |
|
Las Vegas 51s batting - Pitching for Louisville Bats : RHP Ragnar Alqvist
|
|
Batting: SHB Jason Evans
|
0-0: Ball 1-0: Swinging Strike 1-1: Ball 2-1: Ball 3-1: Foul Ball, location: 2F 3-2: Strikes out swinging
|
|
Batting: RHB Josh Jones
|
0-0: Ground out 3-1 (Groundball, 34, EV 88.1 MPH)
|
|
Batting: RHB Masaya Nakamura
|
0-0: Foul Ball, location: 2F 0-1: Fly out, F7 (Flyball, 7, EV 86.9 MPH)
|
| Bottom of the 5th over - 0 runs, 0 hits, 0 errors, 0 left on base; Louisville 3 - Las Vegas 1 |
| TOP OF THE 6TH |
|
Louisville Bats batting - Pitching for Las Vegas 51s : RHP David Anzaldua
|
|
Pitching: RHP Matt Bennett
|
|
|
Batting: RHB Chris Zamora
|
0-0: Ball 1-0: Ball 2-0: Foul Ball, location: 2F 2-1: Foul Ball, location: 2F 2-2: Foul Ball, location: 2F 2-2: SINGLE (Groundball, 34D, EV 98.1 MPH)
|
|
Batting: LHB Manny Ruvalcaba
|
0-0: Ball 1-0: Ball 2-0: Swinging Strike 2-1: SINGLE (Groundball, 4S, EV 69.4 MPH) (infield hit) Chris Zamora to second
|
|
Batting: RHB Steve Anderson
|
0-0: Called Strike 0-1: Swinging Strike 0-2: Ball 1-2: Ball 2-2: Foul Ball, location: 2F 2-2: Foul Ball, location: 2F 2-2: Strikes out swinging
|
|
Batting: RHB Colin Lord
|
0-0: Swinging Strike 0-1: Ball 1-1: Swinging Strike 1-2: Strikes out looking
|
|
Batting: RHB Solange Le Coq
|
0-0: Foul Ball, location: 2F 0-1: Ball 1-1: Swinging Strike 1-2: Ball 2-2: Foul Ball, location: 2F 2-2: Strikes out swinging
|
| Top of the 6th over - 0 runs, 2 hits, 0 errors, 2 left on base; Louisville 3 - Las Vegas 1 |
| BOTTOM OF THE 6TH |
|
Las Vegas 51s batting - Pitching for Louisville Bats : RHP Ragnar Alqvist
|
|
Batting: RHB Larry Shoop
|
0-0: SINGLE (Line Drive, 56, EV 95.0 MPH)
|
|
Batting: RHB Bobby Mabrey
|
0-0: Ball 1-0: Called Strike 1-1: Ball 2-1: SINGLE (Groundball, 34, EV 80.0 MPH) (infield hit) Larry Shoop to second
|
|
Batting: RHB David Stayton
|
0-0: Called Strike 0-1: Ball 1-1: Fly out, F7 (Flyball, 78D, EV 98.8 MPH) Runner from 2nd tags up, SAFE at 3rd with throw by LF
|
|
Batting: RHB Gang-sheng Chew
|
0-0: Ball Wild Pitch! Larry Shoop scores Bobby Mabrey to second 1-0: Ball 2-0: 2-RUN HOME RUN (Flyball, 78XD, EV 111.9 MPH), Distance : 421 ft
|
|
Batting: LHB Elmo Dreier
|
0-0: Called Strike 0-1: Ground out 4-3 (Groundball, 4, EV 102.5 MPH)
|
|
Batting: RHB Mike Phillips
|
0-0: Called Strike 0-1: Ball 1-1: Ground out U3 (Groundball, 3, EV 85.0 MPH)
|
| Bottom of the 6th over - 3 runs, 3 hits, 0 errors, 0 left on base; Louisville 3 - Las Vegas 4 |
| TOP OF THE 7TH |
|
Louisville Bats batting - Pitching for Las Vegas 51s : RHP Matt Bennett
|
|
Pitching: LHP Steve Kelly
|
|
|
Batting: SHB Paul Sandoval
|
0-0: Foul Ball, location: 2F 0-1: Ball 1-1: Called Strike 1-2: Foul Ball, location: 2F 1-2: Strikes out swinging
|
|
Batting: RHB Chase Briney
|
0-0: Ground out 6-3 (Groundball, 6M, EV 79.4 MPH)
|
|
Batting: SHB Freddie Farrar
|
0-0: Called Strike 0-1: Ball 1-1: Foul Ball, location: 2F 1-2: Strikes out swinging, 2-3 out at first.
|
| Top of the 7th over - 0 runs, 0 hits, 0 errors, 0 left on base; Louisville 3 - Las Vegas 4 |
| BOTTOM OF THE 7TH |
|
Las Vegas 51s batting - Pitching for Louisville Bats : RHP Ragnar Alqvist
|
|
Batting: SHB Jason Evans
|
0-0: Foul Ball, location: 2F 0-1: SINGLE (Groundball, 6M, EV 99.4 MPH)
|
|
Batting: RHB Josh Jones
|
0-0: Swinging Strike 0-1: Ball 1-1: Ball 2-1: Swinging Strike 2-2: Ball 3-2: Foul Ball, location: 2F 3-2: DOUBLE (Line Drive, 9LM, EV 110.6 MPH) Jason Evans to third Runner from 3rd tries for Home, SAFE, throw by RF to home
|
|
Pitching: RHP Tim Beck
|
|
|
Batting: RHB Masaya Nakamura
|
0-0: Ground out 5-3 (Groundball, 56, EV 103.8 MPH)
|
|
Batting: RHB Larry Shoop
|
0-0: Ball 1-0: Called Strike 1-1: Called Strike Josh Jones steals 3rd, throwing error, E2 Josh Jones scores 1-2: Ball 2-2: Ground out 6-3 (Groundball, 6S, EV 92.5 MPH)
|
|
Batting: RHB Bobby Mabrey
|
0-0: Ball 1-0: Fly out, F8 (Flyball, 8RS, EV 94.4 MPH)
|
| Bottom of the 7th over - 2 runs, 2 hits, 1 error, 0 left on base; Louisville 3 - Las Vegas 6 |
| TOP OF THE 8TH |
|
Louisville Bats batting - Pitching for Las Vegas 51s : LHP Steve Kelly
|
|
Batting: LHB Satoru Handa
|
0-0: Called Strike 0-1: Ground out 6-3 (Groundball, 4MS, EV 68.1 MPH)
|
|
Batting: RHB Chris Zamora
|
0-0: Called Strike 0-1: Foul Ball, location: 2F 0-2: Ball 1-2: Ground out 5-3 (Groundball, 56S, EV 85.0 MPH)
|
|
Batting: LHB Manny Ruvalcaba
|
0-0: Ball 1-0: Ball 2-0: Fly out, F8 (Line Drive, 8RD, EV 98.8 MPH)
|
| Top of the 8th over - 0 runs, 0 hits, 0 errors, 0 left on base; Louisville 3 - Las Vegas 6 |
| BOTTOM OF THE 8TH |
|
Las Vegas 51s batting - Pitching for Louisville Bats : RHP Tim Beck
|
|
Batting: RHB David Stayton
|
0-0: Ball 1-0: Ball 2-0: SINGLE (Groundball, 4MD, EV 95.0 MPH)
|
|
Batting: RHB Gang-sheng Chew
|
0-0: Called Strike 0-1: Foul Ball, location: 2F 0-2: Ball 1-2: Foul Ball, location: 2F 1-2: Strikes out swinging
|
|
Batting: LHB Elmo Dreier
|
0-0: Ball 1-0: Called Strike 1-1: Ball 2-1: Swinging Strike 2-2: Strikes out swinging
|
|
Batting: RHB Mike Phillips
|
0-0: Ball 1-0: Fielders Choice at 2nd, 5-4 (Groundball, 56, EV 89.4 MPH)
|
| Bottom of the 8th over - 0 runs, 1 hit, 0 errors, 1 left on base; Louisville 3 - Las Vegas 6 |
| TOP OF THE 9TH |
|
Louisville Bats batting - Pitching for Las Vegas 51s : LHP Steve Kelly
|
|
Batting: RHB Steve Anderson
|
0-0: Called Strike 0-1: Ball 1-1: Ball 2-1: Foul Ball, location: 2F 2-2: Fly out, F7 (Flyball, 7D, EV 98.8 MPH)
|
|
Batting: RHB Colin Lord
|
0-0: Fly out, F9 (Flyball, 9D, EV 81.9 MPH)
|
|
Batting: RHB Solange Le Coq
|
0-0: SOLO HOME RUN (Flyball, 78XD, EV 111.9 MPH), Distance : 458 ft
|
|
Batting: SHB Paul Sandoval
|
0-0: Called Strike 0-1: Foul Ball, location: 2F 0-2: Foul Ball, location: 2F 0-2: Ball 1-2: Foul Ball, location: 2F 1-2: Strikes out swinging
|
| Top of the 9th over - 1 run, 1 hit, 0 errors, 0 left on base; Louisville 4 - Las Vegas 6 |
|